 Dungeon Crawl Stone Soup version 0.31.0-9-g3a7656b989 (webtiles) character file.

Game seed: 11186129977889830928

42 EnegeticOcto the Ruffian (level 3, 0/36 HPs)
             Began as a Troll Monk on Jan 31, 2024.
             Slain by a goblin
             ... wielding a +0 club
             ... led by Robin
              (3 damage)
             ... on level 2 of the Dungeon.
             The game lasted 00:00:24 (373 turns).

EnegeticOcto the Ruffian (Troll Monk)                Turns: 373, Time: 00:00:25

Health: 0/36       AC:  4    Str: 19    XL:     3   Next: 33%
Magic:  2/2        EV: 10    Int:  6    God:
Gold:   56         SH:  0    Dex: 14    Spells: 2/2 levels left

rFire   . .          .
                       - Unarmed
rCold   . . .        c - orb {light}
rNeg    . . .        a - +0 robe
rPois   .            (helmet restricted)
rElec   .            (no cloak)
rCorr   .            (gloves unavailable)
SInv    .            (boots unavailable)
Will    .....        (no amulet)
Stlth   +            (no ring)
HPRegen 1.06/turn    (no ring)
MPRegen 0.08/turn

%: no passive effects
@: glowing
A: large, unfitting armour, claws 3, regeneration 1, shaggy fur 1, tough skin 1
a: no special abilities


You were on level 2 of the Dungeon.
You visited 1 branch of the dungeon, and saw 2 of its levels.

You collected 56 gold pieces.

Inventory:

Armour
 a - a +0 robe (worn)
 c - an orb of light (worn)
Jewellery
 h - a ring of fire
   (You found it on level 1 of the Dungeon)
Scrolls
 d - 2 scrolls of identify {unknown}
 f - 2 scrolls of revelation {unknown}
 g - a scroll of teleportation {unknown}
 k - a scroll of fear {unknown}
Potions
 b - a potion of ambrosia
 e - a potion of attraction {unknown}
 i - 2 potions of cancellation {unknown}
 j - a potion of invisibility {unknown}


   Skills:
 + Level 2.7 Fighting
 + Level 2.7 Dodging
 * Level 3.8 Unarmed Combat


You had 2 spell levels left.
You didn't know any spells.
Your spell library contained the following spells:

 Spells                   Type           Power      Damage    Failure   Level
 Inner Flame              Hex/Fire       0%         N/A       83%         3
 Irradiate                Conj/Alch      0%         3d11      100%        5
 Ignition                 Fire           0%         3d3       100%        8


Dungeon Overview and Level Annotations

Branches:
Dungeon (2/15) Zot: 11629

Altars:

Annotations:
D:2 Robin


Innate Abilities, Weirdness & Mutations

You are too large for most types of armour.
You have claws for hands.
Your natural rate of healing is unusually fast.
You are covered in fur. (AC +1)
You have tough skin. (AC +1)


Message History

The goblin shouts!
The hobgoblin shouts!
The goblin shouts!
The adder hisses angrily.
A goblin comes into view. It is wielding a +0 club.
Robin and a hobgoblin come into view.
Robin shouts!
The hobgoblin shouts!
You hear a shout!
The goblin closely misses you. Robin throws the goblin at you!
The goblin shouts!
You hear a shout!
You barely miss the goblin. The goblin hits you but does no damage.
The adder closely misses you. The goblin hits you with a +0 club.
You scratch the adder.
The adder is heavily wounded.
The adder misses you.
A goblin comes into view. It is wielding a +0 club.
The goblin hits you but does no damage. The goblin hits you with a +0 club.
Robin roars a battlecry!
The goblins go into a battle-frenzy!
The goblin hits you with a +0 dagger.
You hear a shout!
You scratch the adder.
You kill the adder!
You closely miss the goblin. The goblin barely misses you.
A goblin comes into view. It is wielding a +0 dagger.
The goblin closely misses you.
You scratch the goblin.
The goblin is heavily wounded.
Robin throws the goblin at you! The goblin hits you with a +0 dagger.
A goblin comes into view. It is wielding a +0 club.
The goblin closely misses you. The goblin hits you but does no damage.
You scratch the goblin but do no damage.
The goblin is moderately wounded.
The goblin hits you with a +0 club.
The goblin hits you but does no damage. x2
The goblin barely misses you.
You closely miss the goblin.
The goblin is moderately wounded.
The goblin hits you with a +0 dagger. The goblin hits you with a +0 club.
The goblin misses you. Robin throws the goblin at you!
The goblin hits you with a +0 club. The goblin barely misses you.
You are too injured to fight recklessly!
You are too injured to fight recklessly!
You are too injured to fight recklessly!
You are too injured to fight recklessly!
You are too injured to fight recklessly!
You are too injured to fight recklessly!
You are too injured to fight recklessly!
You claw the goblin!
You kill the goblin!
The goblin hits you with a +0 club.
Robin roars a battlecry!
The goblin goes into a battle-frenzy!
The goblin barely misses you. The goblin hits you but does no damage.
The goblin barely misses you. The goblin closely misses you.
You see here a +0 dagger.
The goblin attacks as it pursues you! The goblin hits you with a +0 club.
Found a shortbow.
The hobgoblin no longer looks unusually strong.
The goblin attacks as it pursues you! The goblin barely misses you.
You scratch the goblin but do no damage.
The goblin misses you. The goblin closely misses you.
You scratch the goblin.
The goblin is moderately wounded.
The goblin no longer looks unusually strong.
The goblin barely misses you.
Robin roars a battlecry!
The goblin goes into a battle-frenzy!
You barely miss the goblin.
The goblin is moderately wounded.
The goblin no longer looks unusually strong. x3
The goblin hits you but does no damage. The goblin barely misses you.
Robin throws the goblin at you! The goblin hits you with a +0 dagger.
You claw the goblin!
You kill the goblin!
The goblin no longer looks unusually strong.
The goblin hits you with a +0 club. The goblin hits you but does no damage.
Robin's horned helmet rattles.
Robin roars a battlecry!
The goblins go into a battle-frenzy!
The goblin closely misses you.
You claw the goblin!
You kill the goblin!
The goblin misses you. Robin throws the goblin at you!
The goblin barely misses you. The goblin hits you with a +0 dagger.
You closely miss the goblin. The goblin closely misses you.
A hobgoblin opens the large door.
The goblin closely misses you.
You closely miss the goblin.
The goblin no longer looks unusually strong.
The goblin closely misses you. x2; The goblin hits you with a +0 club.
The goblin completely misses you.
You closely miss the goblin.
Robin roars a battlecry!
The goblins go into a battle-frenzy!
The goblin hits you but does no damage. The goblin hits you with a +0 dagger.
The goblin barely misses you. The goblin hits you with a +0 club.
* * * LOW HITPOINT WARNING * * *
You claw the goblin!
You kill the goblin!
The goblin hits you with a +0 dagger.
* * * LOW HITPOINT WARNING * * *
The goblin hits you with a +0 club.
You die...

.........#
....g....
#####......#
####<#..g..#
#......#g#.#
+......#g# #
#......#g#
+...<..#)#
#......#@####...
.......gggg.....)
########'g########
≈§§. ≈§≈§. ≈§≈§§..
≈§≈§≈.. §§≈≈..


You could see Robin, 2 hobgoblins and 6 goblins.

Vanquished Creatures
  An adder (D:2)
  2 dart slugs (D:1)
  2 bats (D:1)
  5 endoplasms (D:1)
  4 goblins (D:2)
  2 hobgoblins (D:1)
  2 jackals (D:1)
  A quokka (D:1)
  3 ball pythons (D:1)
  2 kobolds (D:1)
  3 rats (D:1)
27 creatures vanquished.

Vanquished Creatures (others)
  A minotaur (D:1)
  A draconian (D:1)
  2 trolls (D:1)
  3 merfolk (D:1)
  A spriggan (D:1)
  A naga (D:1)
  An oni (D:1)
  A tengu (D:1)
  A barachi (D:1)
  5 tentacles (D:1)
17 creatures vanquished.

Grand Total: 44 creatures vanquished

Notes
Turn   | Place    | Note
-------+----------+-------------------------------------------
     0 | D:1      | EnegeticOcto the Troll Monk began the quest for the Orb.
     0 | D:1      | Reached XP level 1. HP: 22/22 MP: 0/0
     0 | D:1      | Noticed a merfolk
     0 | D:1      | Noticed a troll
     0 | D:1      | Noticed a troll
     0 | D:1      | Noticed an oni
     0 | D:1      | Noticed a kraken
     0 | D:1      | Noticed a spriggan
     0 | D:1      | Noticed a draconian
     0 | D:1      | Noticed a naga
     0 | D:1      | Noticed a merfolk
     0 | D:1      | Noticed a merfolk
     0 | D:1      | Noticed a minotaur
     0 | D:1      | Noticed a tengu
     0 | D:1      | Noticed a barachi
     3 | D:1      | Killed a tengu
     4 | D:1      | Killed a naga
     4 | D:1      | Killed a barachi
     5 | D:1      | Killed a troll
     5 | D:1      | Killed a merfolk
     7 | D:1      | Killed a spriggan
     8 | D:1      | Killed a minotaur
    10 | D:1      | Killed a merfolk
    11 | D:1      | Killed an oni
    12 | D:1      | Killed a merfolk
    13 | D:1      | Killed a draconian
    13 | D:1      | Killed a troll
    34 | D:1      | Reached XP level 2. HP: 18/29 MP: 1/1
   293 | D:1      | Reached XP level 3. HP: 34/36 MP: 2/2
   349 | D:2      | Noticed Robin
   373 | D:2      | Slain by a goblin

Illustrated notes

Levels and vault maps discovered:
D:1:      nicolae_arrival_kraken_aquarium_a, layout_rooms, minmay_octomino_c4
D:2:      kennysheep_big_flooded_room, layout_basic, uniq_robin

Action                     || total
---------------------------++-------
  Melee: Unarmed           ||    48
 Armour: Robe              ||    49
  Dodge: Dodged            ||    49

Table legend:
 A = Kills in this place as a percentage of kills in the entire game.
 B = Kills by you in this place as a percentage of kills by you in the entire game.
 C = Kills by friends in this place as a percentage of kills by friends in the entire game.
 D = Other kills in this place as a percentage of other kills in the entire game.
 E = Experience gained in this place as a percentage of experience gained in the entire game.
 F = Experience gained in this place divided by the number of levels of this place that you have seen.
                   A       B       C       D       E      F
               +-------+-------+-------+-------+-------+----------------------
         Total | 100.0 | 100.0 |   N/A |   N/A | 100.0 |  31.0
       Dungeon | 100.0 | 100.0 |   N/A |   N/A | 100.0 |  31.0
               +-------+-------+-------+-------+-------+----------------------

Table legend: (Time is in decaauts)
 A = Elapsed time spent in this place.
 B = Non-inter-level travel time spent in this place.
 C = Inter-level travel time spent in this place.
 D = Time resting spent in this place.
 E = Time spent auto-exploring this place.
 F = Levels seen in this place.
 G = Mean time per level.
                   A        B        C        D        E       F      G
               +--------+--------+--------+--------+--------+-----+--------+
         Total |    369 |    367 |      2 |      0 |    246 |   2 |  184.5 |
       Dungeon |    369 |    367 |      2 |      0 |    246 |   2 |  184.5 |
               +--------+--------+--------+--------+--------+-----+--------+

Top non-repeatable levels by time:
     D:1: 342 daAuts
     D:2: 27 daAuts
